 Dungeon Crawl Stone Soup version 0.22-a0-558-gc224181 (webtiles) character file.

264 Zorot the Ruffian (level 6, -1/87 HPs)
             Began as a Naga Monk on June 26, 2018.
             Slain by an ogre
             ... wielding a +0 giant spiked club
              (8 damage)
             ... on level 4 of the Dungeon.
             The game lasted 00:03:47 (2639 turns).

Zorot the Ruffian (Naga Monk)                       Turns: 2639, Time: 00:03:48

Health: -1/87      AC: 23    Str: 14 (15) XL:     6   Next: 19%
Magic:  6/6        EV:  1    Int: 16      God:
Gold:   120        SH:  0    Dex: 12 (14) Spells: 5/5 levels left

rFire    . . .     SeeInvis +     - Unarmed
rCold    . . .     Gourm    .   (no shield)
rNeg     + + +     Faith    .   (armour currently unavailable)
rPois    +         Spirit   .   (helmet currently unavailable)
rElec    .         Reflect  .   (cloak currently unavailable)
rCorr    +         Harm     .   (gloves currently unavailable)
MR       .....     NoTele   +   (no barding)
Stlth    ++........             (no amulet)
HPRegen  0.24/turn              m - ring of resist corrosion
MPRegen  0.10/turn              t - +6 ring of intelligence

@: short of breath, tree-form
A: large, see invisible, sense surroundings 1, slow metabolism 1, spit poison 1,
AC +2
a: Spit Poison


You were on level 4 of the Dungeon.
You were not hungry.
You were a tree.
You visited 1 branch of the dungeon, and saw 4 of its levels.

You collected 120 gold pieces.

Inventory:

Armour
 f - a +0 pair of gloves (melded)
 k - a +0 cloak (melded)
 n - a cursed +0 ring mail (melded)
Jewellery
 m - a ring of resist corrosion (left branch)
 t - a +6 ring of intelligence (right branch)
Scrolls
 a - a scroll of fog {unknown}
 e - 2 scrolls of identify {unknown}
 l - a scroll of magic mapping {unknown}
 o - 2 scrolls of remove curse {unknown}
 r - 2 scrolls of noise {unknown}
 s - a scroll of enchant armour {unknown}
Potions
 c - a potion of degeneration
 d - a potion of mutation
 g - 3 potions of flight {unknown}
 i - a potion of agility
Comestibles
 b - 4 rations


   Skills:
 + Level 4.5 Fighting
 + Level 3.7 Dodging
 - Level 3.0 Stealth
 + Level 4.5 Unarmed Combat


You had 5 spell levels left.
You didn't know any spells.
Your spell library was empty.

Dungeon Overview and Level Annotations

Branches:
Dungeon (4/15)
 Temple: D:4-7

Altars:
Ru
Vehumet


Innate Abilities, Weirdness & Mutations

You cannot wear boots.
((Your serpentine skin is tough. (AC +2)))
You have supernaturally acute eyesight. (SInv)
((Armour fits poorly on your strangely shaped body.))
((Your system is resistant to poisons. (rPois)))
((You cover ground very slowly.))
You have a slow metabolism.
You can spit poison.
((You have a pair of small antennae on your head.))
((You are partially covered in slimy green scales. (AC +2)))
You passively map a small area around you.


Message History

The ogre hits you with a giant spiked club!
* * * LOW HITPOINT WARNING * * *
Unknown command.
You hit the ogre but do no damage.
The ogre is heavily wounded.
You have got your breath back.
The ogre hits you with a giant spiked club!
* * * LOW HITPOINT WARNING * * *
Unknown command.
Press: ? - help, Shift-Dir - straight line, f/p - ogre
Aim: an ogre, wielding a giant spiked club (heavily wounded)
The splash of poison hits the ogre.
The ogre is severely wounded.
You feel slightly more hungry.
You turn into a tree.
Your +0 cloak melds into your body.
Your +0 pair of gloves melds into your body.
Your cursed +0 ring mail melds into your body.
Your roots penetrate the ground.
The ogre hits you with a giant spiked club!
You die...

, , *#.....# ,
####+##.....# * *
............# * *
............# , ,*
............# ,> ,#,
............# .#
..........### ,.. . ,
.####.....#########.#....
,
................♣O.......
*
...##.############.####.#
, ...##.# ... ...##.# * *
..#.., , , .......,,
..#,#.# #####.# * * ..#
,# * #.# , ... , , .# *
#.., , , *


You could see an ogre.

Vanquished Creatures
  A centaur skeleton (D:4)
  2 orc priests (D:3)
  A bullfrog skeleton (D:2)
  An orc wizard (D:3)
  4 adders
  A dart slug (D:3)
  A leopard gecko (D:1)
  13 orcs (D:3)
  3 ball pythons
  3 giant cockroaches
  7 hobgoblins
  4 jackals
  2 quokkas
  7 bats
  4 frilled lizards
  5 goblins
  10 kobolds
  3 rats
72 creatures vanquished.

Vanquished Creatures (others)
  A giant cockroach (D:2)
1 creature vanquished.

Grand Total: 73 creatures vanquished

Notes
Turn   | Place    | Note
-------+----------+-------------------------------------------
     0 | D:1      | Zorot the Naga Monk began the quest for the Orb.
     0 | D:1      | Reached XP level 1. HP: 21/21 MP: 1/1
   224 | D:1      | Reached XP level 2. HP: 17/28 MP: 2/2
   797 | D:2      | Reached XP level 3. HP: 17/34 MP: 3/3
  1117 | D:2      | Reached XP level 4. HP: 43/43 MP: 4/4
  1183 | D:2      | Found a sacrificial altar of Ru.
  1361 | D:2      | Found a radiant altar of Vehumet.
  1662 | D:3      | Reached XP level 5. HP: 14/50 MP: 5/5
  1835 | D:3      | Gained mutation: You are frail. (-10% HP) [potion of mutation]
  1835 | D:3      | Gained mutation: You are surrounded by a mild repulsion field. (EV +2) [potion of mutation]
  1841 | D:3      | HP: 2/67 [orc/club (2)]
  1856 | D:3      | Lost mutation: You are surrounded by a mild repulsion field. (EV +2) [potion of mutation]
  1856 | D:3      | Lost mutation: You are frail. (-10% HP) [potion of mutation]
  1856 | D:3      | Gained mutation: You passively map a small area around you. [potion of mutation]
  1856 | D:3      | Gained mutation: You are partially covered in slimy green scales. (AC +2) [potion of mutation]
  1856 | D:3      | Gained mutation: You have a pair of small antennae on your head. [potion of mutation]
  2210 | D:3      | Reached XP level 6. HP: 50/58 MP: 6/6
  2639 | D:4      | Slain by an ogre

Vault maps used:
D:1:      mushboom_english_gardens
D:2:      fiery_altar_vehumet, first_ration, nicolae_ru_sacrificial_ziggurat
D:3:      kennysheep_generic_room_16
D:4:      cheibrodos_greedy_goblins, lemuel_round_altar

Skill      XL: |  1  2  3  4 |
---------------+-------------+-----
Dodging        | 3 |  3.7
Fighting       | 4 |  4.5
Unarmed Combat | 4 |  4.5
Stealth        | |  3.0

Action                   |  1- 3 |  4- 6 || total
-------------------------+-------+-------++-------
Melee: Unarmed           |    95 |   200 ||   295
       Punch             |     2 |     2 ||     4
 Abil: Spit Poison       |     1 |     5 ||     6
  Use: Potion            |       |     9 ||     9
 Stab: Sleeping          |     4 |     5 ||     9
       Distracted        |       |     1 ||     1
  Eat: Chunk             |       |     5 ||     5
Armor: Robe              |    18 |       ||    18
       Ring mail         |     4 |    62 ||    66
       Skin              |       |     7 ||     7
Dodge: Dodged            |    48 |    79 ||   127

Table legend:
 A = Spawn XP
 B = Non-spawn XP
 C = Spawn XP percentage of total XP
 D = Spawn monster count
 E = Non-spawn monster count
 F = Spawn count percentage of total count
 G = Total turns spent on level
                    A         B        C        D         E        F      G
               +---------+---------+-------+---------+---------+-------+---------
         Total |       0 |     378 |   0.0 |       0 |      72 |   0.0 |  2639
               +---------+---------+-------+---------+---------+-------+---------
           D:1 |       0 |      18 |   0.0 |       0 |      12 |   0.0 |   776
           D:2 |       0 |      88 |   0.0 |       0 |      16 |   0.0 |   621
           D:3 |       0 |     225 |   0.0 |       0 |      40 |   0.0 |  1137
           D:4 |       0 |      47 |   0.0 |       0 |       4 |   0.0 |   105
               +---------+---------+-------+---------+---------+-------+---------
